 Dungeon Crawl Stone Soup version 0.26-a0-931-g326f72de0d (webtiles) character file.

Game seed: 17514914225834903077

59 reriks the Magician (level 3, -2/24 HPs)
             Began as a Mummy Hedge Wizard on Nov 26, 2020.
             Slain by Crazy Yiuf
             ... wielding a +3 quarterstaff of chaos
              (6 damage)
             ... on level 2 of the Dungeon.
             The game lasted 00:03:02 (2860 turns).

reriks the Magician (Mummy Hedge Wizard)            Turns: 2860, Time: 00:03:03

Health: -2/24      AC:  2    Str: 13    XL:     3   Next: 78%
Magic:  1/8        EV: 16    Int: 14    God:
Gold:   94         SH:  0    Dex: 11    Spells: 9/10 levels left

rFire    x . .     SeeInvis .   j - +2 trident (vorpal)
rCold    + . .     Faith    .   (no shield)
rNeg     + + +     Spirit   .   b - +0 robe
rPois    ∞         Reflect  .   c - +0 hat
rElec    .         Harm     .   (no cloak)
rCorr    .         Rampage  .   (no gloves)
MR       .....                  (no boots)
Stlth    ++........             (no amulet)
HPRegen  0.08/turn              f - +4 ring of slaying
MPRegen  0.11/turn              m - +4 ring of evasion

@: mighty, very slightly contaminated
A: no potions, fire vulnerability, cold resistance 1, negative energy resistance
3, torment resistance, unbreathing
a: no special abilities


You were on level 2 of the Dungeon.
You visited 1 branch of the dungeon, and saw 2 of its levels.

You collected 94 gold pieces.

Inventory:

Hand Weapons
 a - a +0 dagger
 e - a +0 club
 j - a +2 vorpal trident (weapon)
Armour
 b - a +0 robe (worn)
 c - a +0 hat (worn)
 g - a +0 buckler
Jewellery
 f - a +4 ring of slaying (left hand)
 i - a +6 ring of dexterity
 m - a +4 ring of evasion (right hand)
 n - an uncursed ring of protection from magic {unknown}
Scrolls
 d - a scroll of identify {unknown}
 h - a scroll of immolation {unknown}
 k - 2 scrolls of enchant armour {unknown}
 l - a scroll of noise {unknown}


   Skills:
 + Level 2.0 Dodging
 - Level 1.7 Stealth
 + Level 4.4 Spellcasting
 + Level 1.4 Conjurations
 + Level 1.3 Summonings
 + Level 1.3 Translocations


You had 9 spell levels left.
You knew the following spells:

 Your Spells              Type           Power        Failure   Level
a - Magic Dart            Conj           #...         11%         1

Your spell library contained the following spells:

 Spells                   Type           Power        Failure   Level
 Blink                    Tloc           N/A          16%         2
 Call Imp                 Summ           #.......     16%         2
 Slow                     Hex            #.......     28%         2
 Conjure Flame            Conj/Fire      #.......     38%         3
 Mephitic Cloud           Conj/Pois/Air  #.......     41%         3


Dungeon Overview and Level Annotations

Branches:
Dungeon (2/15)

Altars:

Annotations:
D:2 Crazy Yiuf


Innate Abilities, Weirdness & Mutations

You do not drink.
Your flesh is vulnerable to fire.
You are immune to poison.
Your flesh is cold resistant. (rC+)
You are immune to negative energy. (rN+++)
You are immune to unholy pain and torment.
You can survive without breathing.


Message History

Crazy Yiuf is moderately wounded.
Casting: Magic Dart (safe; 11% risk of failure)
Confirm with . or Enter, or press ? or * to list all spells.
Aiming: Magic Dart (safe; 11% risk of failure)
Press: ? - help, Shift-Dir - straight line, f/p - Crazy Yiuf
Aim: Crazy Yiuf, wielding a +3 quarterstaff of chaos and wearing a +0 cloak (moderately wounded, 0% to evade)
The magic dart hits Crazy Yiuf.
Crazy Yiuf is moderately wounded.
Crazy Yiuf hits you with a +3 quarterstaff of chaos.
* * * LOW HITPOINT WARNING * * *
You feel very mighty all of a sudden.
Casting: Magic Dart (safe; 11% risk of failure)
Confirm with . or Enter, or press ? or * to list all spells.
Aiming: Magic Dart (safe; 11% risk of failure)
Press: ? - help, Shift-Dir - straight line, f/p - Crazy Yiuf
Aim: Crazy Yiuf, wielding a +3 quarterstaff of chaos and wearing a +0 cloak (moderately wounded, 0% to evade)
The magic dart hits Crazy Yiuf.
Crazy Yiuf is heavily wounded.
Crazy Yiuf hits you with a +3 quarterstaff of chaos.
You die...

#
#.#####..................##.#.
##.###...############..........
###.#.##.#.# #....#####..
...###.....# ##### ##.#.# #.>
###.#.###.## #)..# #.#.# #..
##.## #.# #...# #.#.# #.!
#.####.## ... #.#.# #..
#.......# #g# ##.#.# #..
######.## ♣@♣♣ #..#.# #.# #.#
♣♣.♣ ####.#####.# #.# ♣.♣♣
#........ #.# ♣♣.♣ #.#####.#
#.# ♣♣.♣♣ #.# #.# ##.## ♣♣...♣
#.# #.. #...# ♣....♣ ##.#######
##.## #....# ##......... ###
##..#####.#........


You could see Crazy Yiuf.

Vanquished Creatures
  An adder (D:2)
  3 dart slugs (D:1)
  A leopard gecko (D:2)
  4 bats
  4 giant cockroaches
  4 goblins
  6 hobgoblins
  6 jackals
  A ball python (D:2)
  2 frilled lizards (D:2)
  2 kobolds
  4 rats (D:1)
38 creatures vanquished.

Vanquished Creatures (others)
  4 toadstools (D:1)
4 creatures vanquished.

Grand Total: 42 creatures vanquished

Notes
Turn   | Place    | Note
-------+----------+-------------------------------------------
     0 | D:1      | reriks the Mummy Hedge Wizard began the quest for the Orb.
     0 | D:1      | Reached XP level 1. HP: 13/13 MP: 5/5
   482 | D:1      | Reached skill level 1 in Conjurations
   482 | D:1      | Reached XP level 2. HP: 19/19 MP: 5/7
   599 | D:1      | Reached skill level 1 in Summonings
   599 | D:1      | Reached skill level 1 in Translocations
  1448 | D:1      | Reached XP level 3. HP: 24/24 MP: 2/8
  2691 | D:2      | Found a runed translucent door.
  2692 | D:2      | Noticed Crazy Yiuf
  2860 | D:2      | Slain by Crazy Yiuf

Illustrated notes

Levels and vault maps discovered:
D:1:      ldierk_water_garden, layout_basic
D:2:      layout_loops_ring, uniq_crazy_yiuf_cottage

Skill      XL: |  1  2  3 |
---------------+----------+-----
Conjurations   | 1 |  1.4
Summonings     | 1 |  1.3
Translocations | 1 |  1.3
Dodging        | 2 |  2.0
Stealth        | |  1.7
Spellcasting   | |  4.4

Action                   || total
-------------------------++-------
Melee: Dagger            ||    10
       Trident           ||    10
       Club              ||     2
 Cast: Magic Dart        ||   114
Armor: Robe              ||     6
Dodge: Dodged            ||    36

Table legend: (Time is in decaauts)
 A = Elapsed time spent in this place.
 B = Non-inter-level travel time spent in this place.
 C = Inter-level travel time spent in this place.
 D = Time resting spent in this place.
 E = Time spent auto-exploring this place.
 F = Levels seen in this place.
 G = Mean time per level.
                   A        B        C        D        E       F      G
               +--------+--------+--------+--------+--------+-----+--------+
         Total |   2861 |   2828 |     33 |   1496 |   1052 |   2 | 1430.5 |
       Dungeon |   2861 |   2828 |     33 |   1496 |   1052 |   2 | 1430.5 |
               +--------+--------+--------+--------+--------+-----+--------+

Top non-repeatable levels by time:
     D:1: 1694 daAuts
     D:2: 1166 daAuts
